[ PARTIDA AOE2 · #513827308 ]
UnrankedMuiscas vs Teutons
Equipo del jugador · DERR
Equipo rival · VICT
[ ANÁLISIS DE REPETICIÓN · EXTRAÍDO DE LA PARTIDA GRABADA ]
Feudal
12:48
Castillos
21:46
Imperial
—
| APM promedio | 36.1 |
| APM pico | 73 |
| eAPM promedio | 17.4 |
| Aldeanos / militares | 49 / 30 |
Foco
⚔️ 38.5% · 🌾 61.5%
Archer ×26 · Spearman ×4 · Unknown (2550) ×3 · Unknown (2586) ×3
Feudal
9:00
Castillos
21:14
Imperial
—
| APM promedio | 69.9 |
| APM pico | 102 |
| eAPM promedio | 21.2 |
| Aldeanos / militares | 64 / 30 |
Foco
⚔️ 22.7% · 🌾 77.3%
Knight ×17 · Scout Cavalry ×13
Mapa de la partida
Recursos iniciales + cada clic de construcción. Líneas = muros · curvas = relieve. ◆ oro · ⬟ piedra · ● bayas · ✦ reliquia · ◌ hueco del cierre
Tu base· Abierta — hueco de 4t
Base de ulkigeruhu· Abierta — flanco sin cerrar
Terreno inicial suavizado · ◌ = hueco del cierre detectado · pasá el cursor para detalles
Inputs por minuto
— niksu - - ulkigeruhu
Build order — niksu
Primeras 150 de 158 acciones detectadas
| 0:02 | Encolar | Villager (Male) |
| 0:02 | Encolar | Villager (Male) |
| 0:02 | Encolar | Villager (Male) |
| 0:02 | Encolar | Villager (Male) |
| 0:04 | Construir | House |
| 0:05 | Construir | House |
| 1:29 | Encolar | Villager (Male) |
| 2:00 | Encolar | Villager (Male) |
| 2:20 | Encolar | Villager (Male) |
| 2:50 | Construir | House |
| 2:59 | Encolar | Villager (Male) |
| 3:00 | Encolar | Villager (Male) |
| 3:00 | Encolar | Villager (Male) |
| 3:13 | Encolar | Villager (Male) |
| 3:48 | Encolar | Villager (Male) |
| 4:27 | Construir | Settlement |
| 4:39 | Encolar | Villager (Male) |
| 4:48 | Investigar | Loom |
| 5:03 | Encolar | Villager (Male) |
| 5:10 | Encolar | Villager (Male) |
| 5:21 | Encolar | Villager (Male) |
| 5:38 | Construir | Barracks |
| 5:42 | Encolar | Villager (Male) |
| 5:45 | Construir | House |
| 5:50 | Encolar | Villager (Male) |
| 6:14 | Encolar | Villager (Male) |
| 6:28 | Construir | Settlement |
| 6:31 | Encolar | Villager (Male) |
| 6:33 | Encolar | Unit 2550 |
| 7:04 | Encolar | Unit 2550 |
| 7:13 | Encolar | Villager (Male) |
| 7:55 | Encolar | Unit 2550 |
| 7:56 | Encolar | Villager (Male) |
| 8:22 | Encolar | Villager (Male) |
| 8:26 | Construir | House |
| 8:31 | Construir | Palisade Wall |
| 8:37 | Construir | Palisade Wall |
| 8:40 | Construir | Palisade Wall |
| 8:55 | Construir | Farm |
| 8:59 | Construir | Farm |
| 9:04 | Construir | Palisade Wall |
| 9:29 | Construir | Palisade Wall |
| 9:31 | Construir | Palisade Wall |
| 9:37 | Encolar | Villager (Male) |
| 9:59 | Construir | Palisade Wall |
| 10:38 | Investigar | Feudal Age |
| 10:44 | Construir | Farm |
| 11:15 | Construir | Outpost |
| 11:21 | Construir | Palisade Wall |
| 11:24 | Construir | Palisade Wall |
| 11:33 | Construir | Palisade Wall |
| 12:26 | Construir | Outpost |
| 12:48 | Edad | Edad Feudal |
| 12:51 | Encolar | Spearman |
| 13:00 | Construir | Archery Range |
| 13:02 | Encolar | Villager (Male) |
| 13:06 | Construir | Farm |
| 13:26 | Encolar | Spearman |
| 13:26 | Encolar | Spearman |
| 13:27 | Encolar | Villager (Male) |
| 13:30 | Construir | Farm |
| 13:32 | Construir | Farm |
| 13:41 | Encolar | Spearman |
| 13:48 | Encolar | Villager (Male) |
| 13:51 | Encolar | Archer |
| 14:00 | Encolar | Villager (Male) |
| 14:09 | Construir | Farm |
| 14:10 | Encolar | Villager (Male) |
| 14:16 | Construir | House |
| 14:21 | Investigar | Double-Bit Axe |
| 14:34 | Encolar | Archer |
| 14:35 | Encolar | Archer |
| 14:41 | Encolar | Villager (Male) |
| 14:51 | Encolar | Archer |
| 15:26 | Encolar | Villager (Male) |
| 15:30 | Encolar | Archer |
| 15:41 | Construir | Blacksmith |
| 15:42 | Encolar | Archer |
| 15:52 | Construir | House |
| 15:59 | Encolar | Villager (Male) |
| 16:07 | Construir | Outpost |
| 16:09 | Construir | Outpost |
| 16:12 | Encolar | Villager (Male) |
| 16:36 | Construir | Farm |
| 16:37 | Construir | Farm |
| 16:50 | Construir | Farm |
| 16:53 | Encolar | Villager (Male) |
| 17:01 | Construir | Settlement |
| 17:13 | Encolar | Villager (Male) |
| 17:20 | Construir | Palisade Wall |
| 17:34 | Construir | House |
| 17:40 | Encolar | Archer |
| 17:49 | Construir | Market |
| 17:58 | Construir | Farm |
| 17:59 | Encolar | Villager (Male) |
| 18:14 | Construir | House |
| 18:16 | Construir | Farm |
| 18:34 | Encolar | Villager (Male) |
| 18:52 | Construir | Palisade Gate |
| 19:06 | Investigar | Castle Age |
| 19:08 | Encolar | Archer |
| 19:08 | Encolar | Archer |
| 19:12 | Construir | Archery Range |
| 19:16 | Construir | Farm |
| 19:17 | Construir | Farm |
| 19:17 | Construir | Farm |
| 19:17 | Construir | Farm |
| 19:26 | Investigar | Horse Collar |
| 19:49 | Encolar | Archer |
| 19:49 | Encolar | Archer |
| 20:04 | Construir | Farm |
| 20:26 | Encolar | Archer |
| 20:26 | Encolar | Archer |
| 20:45 | Investigar | Fletching |
| 20:47 | Encolar | Archer |
| 20:48 | Encolar | Archer |
| 20:48 | Encolar | Archer |
| 20:56 | Investigar | Gold Mining |
| 21:02 | Investigar | Padded Archer Armor |
| 21:22 | Encolar | Archer |
| 21:23 | Encolar | Archer |
| 21:46 | Edad | Edad de los Castillos |
| 21:49 | Investigar | Bodkin Arrow |
| 21:55 | Investigar | Crossbowman (upgrade) |
| 22:19 | Encolar | Archer |
| 22:19 | Encolar | Archer |
| 22:21 | Encolar | Villager (Male) |
| 22:30 | Encolar | Archer |
| 22:30 | Encolar | Archer |
| 22:32 | Encolar | Villager (Male) |
| 22:43 | Construir | Town Center |
| 22:47 | Encolar | Villager (Male) |
| 22:54 | Encolar | Archer |
| 22:54 | Encolar | Archer |
| 23:14 | Encolar | Villager (Male) |
| 24:00 | Encolar | Villager (Male) |
| 24:01 | Encolar | Villager (Male) |
| 24:11 | Construir | Farm |
| 24:11 | Construir | Farm |
| 24:12 | Construir | Farm |
| 24:12 | Construir | Farm |
| 24:12 | Construir | Farm |
| 24:12 | Construir | Farm |
| 24:12 | Construir | Farm |
| 24:31 | Construir | Stone Wall |
| 24:36 | Encolar | Villager (Male) |
| 24:36 | Encolar | Villager (Male) |
| 24:38 | Encolar | Villager (Male) |
| 24:45 | Construir | Farm |
| 24:49 | Encolar | Unit 2586 |
Build order — ulkigeruhu
Primeras 150 de 162 acciones detectadas
| 0:00 | Encolar | Villager (Male) |
| 0:00 | Encolar | Villager (Male) |
| 0:02 | Construir | House |
| 0:03 | Construir | House |
| 0:15 | Encolar | Villager (Male) |
| 0:19 | Encolar | Villager (Male) |
| 1:23 | Encolar | Villager (Male) |
| 2:06 | Encolar | Villager (Male) |
| 2:13 | Construir | Lumber Camp |
| 2:17 | Encolar | Villager (Male) |
| 2:18 | Encolar | Villager (Male) |
| 2:54 | Encolar | Villager (Male) |
| 3:02 | Encolar | Villager (Male) |
| 3:29 | Construir | House |
| 3:44 | Encolar | Villager (Male) |
| 3:46 | Encolar | Villager (Male) |
| 3:46 | Encolar | Villager (Male) |
| 4:38 | Encolar | Villager (Male) |
| 4:41 | Encolar | Villager (Male) |
| 4:42 | Encolar | Villager (Male) |
| 5:11 | Construir | Mill |
| 5:20 | Encolar | Villager (Male) |
| 6:23 | Encolar | Villager (Male) |
| 6:50 | Investigar | Feudal Age |
| 7:39 | Construir | Barracks |
| 8:02 | Encolar | Villager (Male) |
| 8:24 | Construir | House |
| 9:00 | Edad | Edad Feudal |
| 9:00 | Encolar | Villager (Male) |
| 9:06 | Construir | Stable |
| 9:30 | Encolar | Villager (Male) |
| 9:32 | Investigar | Double-Bit Axe |
| 9:34 | Construir | House |
| 9:56 | Encolar | Scout Cavalry |
| 9:56 | Encolar | Scout Cavalry |
| 9:56 | Encolar | Scout Cavalry |
| 10:03 | Encolar | Villager (Male) |
| 10:03 | Encolar | Villager (Male) |
| 10:25 | Construir | Blacksmith |
| 10:27 | Construir | Farm |
| 10:28 | Construir | Farm |
| 10:28 | Construir | Farm |
| 10:28 | Construir | Farm |
| 10:40 | Encolar | Villager (Male) |
| 10:41 | Encolar | Villager (Male) |
| 10:44 | Construir | Farm |
| 11:05 | Encolar | Villager (Male) |
| 11:14 | Encolar | Scout Cavalry |
| 11:17 | Construir | Farm |
| 11:32 | Encolar | Villager (Male) |
| 11:37 | Encolar | Villager (Male) |
| 11:44 | Construir | Farm |
| 11:47 | Construir | Farm |
| 11:49 | Construir | Farm |
| 11:51 | Encolar | Scout Cavalry |
| 12:08 | Construir | House |
| 12:11 | Investigar | Loom |
| 12:13 | Encolar | Villager (Male) |
| 12:14 | Encolar | Scout Cavalry |
| 12:21 | Encolar | Scout Cavalry |
| 12:28 | Construir | House |
| 12:29 | Encolar | Villager (Male) |
| 12:52 | Encolar | Villager (Male) |
| 12:59 | Investigar | Scale Barding Armor |
| 13:08 | Encolar | Scout Cavalry |
| 13:11 | Construir | House |
| 13:12 | Construir | House |
| 13:13 | Encolar | Villager (Male) |
| 13:25 | Encolar | Scout Cavalry |
| 13:33 | Construir | Farm |
| 13:36 | Construir | Farm |
| 13:39 | Encolar | Villager (Male) |
| 14:01 | Construir | Lumber Camp |
| 14:05 | Encolar | Villager (Male) |
| 14:06 | Encolar | Scout Cavalry |
| 14:14 | Encolar | Villager (Male) |
| 14:18 | Construir | House |
| 14:23 | Construir | Palisade Wall |
| 14:26 | Encolar | Villager (Male) |
| 15:01 | Construir | Watch Tower |
| 15:16 | Encolar | Scout Cavalry |
| 15:16 | Encolar | Scout Cavalry |
| 15:17 | Encolar | Scout Cavalry |
| 15:27 | Encolar | Villager (Male) |
| 15:32 | Construir | Market |
| 15:41 | Construir | Mining Camp |
| 15:42 | Encolar | Villager (Male) |
| 15:53 | Construir | Farm |
| 16:04 | Construir | Farm |
| 16:05 | Construir | Farm |
| 16:07 | Construir | Farm |
| 16:39 | Encolar | Villager (Male) |
| 16:39 | Encolar | Villager (Male) |
| 16:42 | Construir | Farm |
| 16:46 | Construir | Farm |
| 16:47 | Construir | Farm |
| 16:53 | Construir | Palisade Wall |
| 17:22 | Construir | Farm |
| 17:27 | Encolar | Villager (Male) |
| 17:31 | Construir | Farm |
| 17:32 | Construir | Farm |
| 17:32 | Construir | Farm |
| 17:32 | Construir | Farm |
| 17:57 | Encolar | Villager (Male) |
| 18:34 | Investigar | Castle Age |
| 18:40 | Construir | Palisade Wall |
| 18:51 | Construir | Stable |
| 19:07 | Construir | Mining Camp |
| 19:18 | Construir | Farm |
| 19:21 | Investigar | Horse Collar |
| 19:23 | Encolar | Villager (Male) |
| 19:24 | Encolar | Villager (Male) |
| 19:39 | Construir | Palisade Wall |
| 19:49 | Investigar | Bloodlines |
| 19:57 | Investigar | Forging |
| 19:58 | Encolar | Villager (Male) |
| 20:05 | Encolar | Villager (Male) |
| 20:10 | Construir | Farm |
| 20:47 | Encolar | Villager (Male) |
| 20:51 | Construir | House |
| 20:54 | Construir | Palisade Wall |
| 20:59 | Encolar | Villager (Male) |
| 21:14 | Edad | Edad de los Castillos |
| 21:16 | Encolar | Knight |
| 21:16 | Encolar | Knight |
| 21:16 | Encolar | Knight |
| 21:17 | Encolar | Knight |
| 21:23 | Investigar | Gold Mining |
| 21:39 | Investigar | Chain Barding Armor |
| 21:41 | Encolar | Villager (Male) |
| 21:45 | Encolar | Villager (Male) |
| 22:14 | Encolar | Villager (Male) |
| 22:31 | Encolar | Villager (Male) |
| 22:38 | Encolar | Villager (Male) |
| 22:45 | Construir | House |
| 22:48 | Construir | House |
| 22:53 | Encolar | Knight |
| 22:59 | Encolar | Villager (Male) |
| 23:08 | Encolar | Knight |
| 23:25 | Encolar | Knight |
| 23:45 | Encolar | Knight |
| 24:02 | Encolar | Villager (Male) |
| 24:06 | Encolar | Knight |
| 24:07 | Encolar | Villager (Male) |
| 24:09 | Encolar | Villager (Male) |
| 24:14 | Construir | Palisade Wall |
| 24:19 | Encolar | Villager (Male) |
| 24:20 | Encolar | Knight |
| 24:37 | Encolar | Knight |
| 24:37 | Encolar | Knight |
Cronología de la partida
| 5:38 | niksu · first_building Barracks |
| 7:39 | ulkigeruhu · first_building Barracks |
| 8:31 | niksu · wall_segment Palisade Wall x8 |
| 8:37 | niksu · wall_segment Palisade Wall x2 |
| 8:40 | niksu · wall_segment Palisade Wall x8 |
| 9:00 | ulkigeruhu · age_up feudal |
| 9:04 | niksu · wall_segment Palisade Wall x1 |
| 9:06 | ulkigeruhu · first_building Stable |
| 9:29 | niksu · wall_segment Palisade Wall x1 |
| 9:31 | niksu · wall_segment Palisade Wall x1 |
| 9:59 | niksu · wall_segment Palisade Wall x1 |
| 11:21 | niksu · wall_segment Palisade Wall x1 |
| 11:24 | niksu · wall_segment Palisade Wall x3 |
| 11:33 | niksu · wall_segment Palisade Wall x5 |
| 12:48 | niksu · age_up feudal |
| 13:00 | niksu · first_building Archery Range |
| 14:23 | ulkigeruhu · wall_segment Palisade Wall x4 |
| 16:53 | ulkigeruhu · wall_segment Palisade Wall x17 |
| 17:09 | ulkigeruhu · first_market_sell 100 wood |
| 17:20 | niksu · wall_segment Palisade Wall x1 |
| 18:40 | ulkigeruhu · wall_segment Palisade Wall x1 |
| 19:21 | niksu · first_market_sell 100 wood |
| 19:23 | niksu · first_market_buy 100 food |
| 19:39 | ulkigeruhu · wall_segment Palisade Wall x2 |
| 20:54 | ulkigeruhu · wall_segment Palisade Wall x9 |
| 21:14 | ulkigeruhu · age_up castle |
| 21:46 | niksu · age_up castle |
| 24:14 | ulkigeruhu · wall_segment Palisade Wall x4 |
| 24:31 | niksu · wall_segment Stone Wall x1 |
| 26:13 | ulkigeruhu · first_building Castle |
| 27:05 | ulkigeruhu · first_market_buy 100 wood |
| 27:11 | niksu · resign |
[ ANÁLISIS IA · 1 CRÉDITO ]
¿Qué pasó realmente en esta partida?
Wolo.gg analiza cada decisión: build order, eco, micro, errores típicos por bracket. Análisis personalizado por WhatsApp o Discord en 30 segundos.
Guía civ
Muiscas
Perfil
Jugador #1885593